 Dungeon Crawl Stone Soup version 0.21.1-1-g345015f (webtiles) character file.

13232 Mirai the Thaumaturge (level 11, -8/54 HPs)
             Began as a Deep Elf Conjurer on Apr 16, 2018.
             Was an Elder of Vehumet.
             Mangled by a spiny frog (22 damage)
             ... on level 1 of the Lair of Beasts.
             The game lasted 01:00:56 (11636 turns).

Mirai the Thaumaturge (Deep Elf Conjurer)          Turns: 11636, Time: 01:00:57

Health: -8/54      AC:  5    Str:  5    XL:     11   Next: 72%
Magic:  23/37      EV: 21    Int: 24    God:    Vehumet [****..]
Gold:   373        SH:  5    Dex: 15    Spells: 8/32 levels left

rFire    . . .     SeeInvis .   s - +2 flail (holy)
rCold    . . .     Gourm    .   K - +2 buckler
rNeg     . . .     Faith    .   a - +0 robe
rPois    .         Spirit   .   O - +0 helmet
rElec    .         Reflect  .   (no cloak)
rCorr    .         Harm     .   y - +1 pair of gloves
MR       +....                  (no boots)
Stlth    ++........             l - amulet of magic regeneration
HPRegen  0.18/turn              d - +3 ring of evasion
MPRegen  0.50/turn              B - ring of magical power

@: very slightly contaminated
A: no striking features
a: Renounce Religion


You were on level 1 of the Lair of Beasts.
You worshipped Vehumet.
Vehumet was greatly pleased with you.
You were not hungry.

You visited 3 branches of the dungeon, and saw 13 of its levels.
You also visited: Ossuary.

You collected 653 gold pieces.
You spent 280 gold pieces at shops.

Inventory:

Hand Weapons
 s - a +2 flail of holy wrath (weapon)
Armour
 a - a +0 robe (worn)
 y - a +1 pair of gloves (worn)
 K - a +2 buckler (worn)
 O - a +0 helmet (worn)
Jewellery
 d - a +3 ring of evasion (left hand)
 j - the ring "Weenus" {rC+ Str+3}
   (You found it on level 7 of the Dungeon)

   [ring of strength]

   It affects your strength (+3).
   It protects you from cold.
 l - an amulet of magic regeneration (around neck)
 B - a ring of magical power (right hand)
 H - an uncursed ring of resist corrosion
Wands
 g - a wand of random effects (57)
 h - a wand of acid (15)
 A - a wand of enslavement (6)
 Q - a wand of iceblast (8)
Scrolls
 f - 3 scrolls of immolation
 o - 9 scrolls of remove curse
 p - 4 scrolls of amnesia
 q - 4 scrolls of identify
 r - a scroll of teleportation
 w - 2 scrolls of magic mapping
 x - a scroll of fear
 D - 2 scrolls of enchant weapon
 L - a scroll of enchant armour
Potions
 e - 4 potions of curing
 i - a potion of resistance
 k - 2 potions of invisibility
 m - a potion of agility
 n - 3 potions of flight
 t - 4 potions of brilliance
 u - a potion of might
 z - a potion of cancellation {unknown}
 M - a potion of ambrosia {unknown}
Books
 b - a book of Conjurations

   Spells                             Type                      Level
   a - Magic Dart                     Conjuration                  1
   b - Searing Ray                    Conjuration                  2
   c - Dazzling Spray                 Conjuration/Hexes            3
   d - Fulminant Prism                Conjuration/Hexes            4
   e - Force Lance                    Conjuration/Translocation    4
   f - Iskenderun's Mystic Blast      Conjuration                  4
 v - a book of Misfortune

   Spells                             Type                      Level
   a - Confusing Touch                Hexes                        1
   b - Confuse                        Hexes                        3
   c - Gell's Gravitas                Translocation                3
   d - Petrify                        Transmutation/Earth          4
   e - Metabolic Englaciation         Hexes/Ice                    5
   f - Yara's Violent Unravelling     Hexes/Transmutation          5
 E - a book of Flames

   Spells                             Type                      Level
   a - Flame Tongue                   Conjuration/Fire             1
   b - Throw Flame                    Conjuration/Fire             2
   c - Conjure Flame                  Conjuration/Fire             3
   d - Inner Flame                    Hexes/Fire                   3
   e - Sticky Flame                   Conjuration/Fire             4
   f - Fireball                       Conjuration/Fire             5
 F - a book of Geomancy

   Spells                             Type                      Level
   a - Sandblast                      Earth                        1
   b - Passwall                       Transmutation/Earth          2
   c - Stone Arrow                    Conjuration/Earth            3
   d - Petrify                        Transmutation/Earth          4
   e - Lee's Rapid Deconstruction     Earth                        5
 G - a book of Minor Magic

   Spells                             Type                      Level
   a - Magic Dart                     Conjuration                  1
   b - Blink                          Translocation                2
   c - Call Imp                       Summoning                    2
   d - Slow                           Hexes                        2
   e - Conjure Flame                  Conjuration/Fire             3
   f - Mephitic Cloud                 Conjuration/Poison/Air       3
 I - a book of Changes

   Spells                             Type                      Level
   a - Beastly Appendage              Transmutation                1
   b - Sticks to Snakes               Transmutation                2
   c - Spider Form                    Transmutation/Poison         3
   d - Ice Form                       Ice/Transmutation            4
   e - Blade Hands                    Transmutation                5
Comestibles
 c - 20 rations


   Skills:
 + Level 10.1 Dodging
 - Level 2.4 Stealth
 + Level 11.1 Spellcasting
 + Level 10.1 Conjurations
 + Level 8.5 Hexes
 * Level 10.2 Fire Magic
 + Level 5.5 Evocations


You had 8 spell levels left.
You knew the following spells:

 Your Spells              Type           Power        Failure   Level  Hunger
a - Magic Dart            Conj           ####         1%          1    None
b - Searing Ray           Conj           ######       1%          2    None
c - Iskenderun's Mystic   Conj           ######..     1%          4    None
d - Fulminant Prism       Conj/Hex       ######....   1%          4    None
e - Flame Tongue          Conj/Fire      #####        1%          1    None
f - Fireball              Conj/Fire      ######....   1%          5    ####...
g - Bolt of Magma         Conj/Fire/Erth #####.....   3%          5    ####...
h - Blink                 Tloc           N/A          12%         2    None


Dungeon Overview and Level Annotations

Branches:
Dungeon (10/15)            Temple (1/1) D:4            Lair (2/6) D:8
    Orc (0/2) D:9
  Swamp: Lair:2-4    Shoals: Lair:2-4     Snake: Lair:2-4    Spider: Lair:2-4

Altars:
Cheibriados
Elyvilon
Fedhas
Gozag
Hepliaklqana
Kikubaaqudgha
Makhleb
Nemelex Xobeh
Ru
Sif Muna
Trog
Uskayaw
Vehumet
Xom
The Shining One

Shops:
D:9 %*:


Message History

Casting: Blink
Confirm with . or Enter, or press ? or * to list all spells.
Aiming: Iskenderun's Mystic Blast
Press: ? - help, Shift-Dir - straight line, f/p - blink frog
Aim: a blink frog (heavily wounded)
The orb of energy hits the blink frog.
The blink frog is severely wounded.
The spiny frog barely misses you.
The blink frog blinks!
The spiny frog closely misses you.
Casting: Iskenderun's Mystic Blast
Confirm with . or Enter, or press ? or * to list all spells.
You blink.
You block the wolf's attack. The wolf completely misses you.
Casting: Blink
Confirm with . or Enter, or press ? or * to list all spells.
You blink.
You block the spiny frog's attack. The wolf closely misses you.
Casting: Blink
Confirm with . or Enter, or press ? or * to list all spells.
You miscast Blink.
You spin around.
You block the wolf's attack. The spiny frog stings you!!
You die...

....(............................
....................##.#..P##.#P#
.##.#############...#############
.#### #...####### .## #####
#######...##.##.#######
..###P#.###.##P##................
.................................
................F#P##.######P####
................@###### ### #
..............§FhP#
.................###
.................#P##############
.................>...............
.####.################..#######.#
.# ### #...# ### .## #...# ..#
##..P#


You could see a spiny frog, a blink frog and a wolf.

Vanquished Creatures
  3 two-headed ogres
  An oklob plant (Lair:1)
  A black mamba (Lair:1)
  Psyche (D:10)
  Joseph (Lair:1)
  2 spiny frogs
  A komodo dragon (Lair:1)
  2 hornets
  Prince Ribbit (D:7)
  2 hippogriffs
  A blink frog (Lair:2)
  The ghost of p0werm0de the Grave Robber, an amateur HuNe of Cheibriados (D:5)
  5 yaks
  Sigmund (D:2)
  A human (D:9)
  2 hungry ghosts
  Menkaure (D:7)
  A large abomination (D:10)
  3 water moccasins (Lair:1)
  2 hell hounds (D:8)
  2 porcupines (Lair:1)
  3 sky beasts
  An ice beast (D:5)
  4 orc warriors
  2 phantoms
  A necrophage (D:9)
  3 centaurs
  5 ogres
  3 small abominations (D:10)
  4 wolves
  A crocodile (Lair:1)
  4 bullfrogs
  5 water moccasin zombies (Ossuary)
  4 scorpions
  18 killer bees
  7 wights
  A howler monkey (D:9)
  6 crimson imps
  A centaur zombie (D:9)
  6 hounds
  A jelly (D:6)
  2 bullfrog skeletons
  5 orc priests
  7 orc wizards
  Natasha (thrice) (D:4)
  5 worker ants
  A big kobold zombie (Ossuary)
  A howler monkey zombie (D:5)
  2 mummies (Ossuary)
  11 gnolls
  10 adders
  3 shadow imps
  An ooze (D:1)
  4 adder zombies
  An adder skeleton (D:5)
  2 worms (D:2)
  A dart slug (D:1)
  7 leopard geckos
  32 orcs
  3 giant cockroaches
  5 gnoll zombies (Ossuary)
  5 goblins (D:1)
  11 hobgoblins
  12 jackals
  6 kobolds
  3 quokkas
  A ball python skeleton (D:4)
  10 bats
  3 frilled lizards
  3 hobgoblin zombies (Ossuary)
  A jackal skeleton (D:4)
  A jackal zombie (D:7)
  4 kobold zombies (Ossuary)
  4 orc zombies (Ossuary)
  9 rats
  A bush (D:7)
  2 plants (Lair:1)
297 creatures vanquished.

Vanquished Creatures (others)
  3 fulminant prisms
3 creatures vanquished.

Grand Total: 300 creatures vanquished

Notes
Turn   | Place    | Note
-------+----------+-------------------------------------------
     0 | D:1      | Mirai the Deep Elf Conjurer began the quest for the Orb.
     0 | D:1      | Reached XP level 1. HP: 10/10 MP: 6/6
   228 | D:1      | Reached XP level 2. HP: 14/15 MP: 1/8
   233 | D:1      | Learned a level 2 spell: Searing Ray
   650 | D:1      | Reached XP level 3. HP: 19/19 MP: 6/10
  1237 | D:2      | Reached skill level 4 in Spellcasting
  1551 | D:2      | Reached skill level 5 in Conjurations
  1560 | D:2      | Reached XP level 4. HP: 12/24 MP: 6/12
  1601 | D:2      | Noticed Sigmund
  1604 | D:2      | Learned a level 4 spell: Iskenderun's Mystic Blast
  1704 | D:1      | Learned a level 4 spell: Fulminant Prism
  1836 | D:2      | Killed Sigmund
  1836 | D:2      | Reached skill level 5 in Spellcasting
  1836 | D:2      | Reached XP level 5. HP: 28/28 MP: 1/14
  2064 | D:2      | Found a shimmering altar of Xom.
  2308 | D:3      | Reached XP level 6. HP: 21/32 MP: 11/16
  2908 | D:4      | Reached skill level 5 in Dodging
  2942 | D:4      | Noticed a sky beast
  2958 | D:4      | Killed a sky beast
  2958 | D:4      | Reached skill level 6 in Spellcasting
  3034 | D:4      | Noticed Natasha
  3039 | D:4      | Killed Natasha
  3039 | D:4      | Reached XP level 7. HP: 24/36 MP: 8/18
  3121 | D:4      | Found a staircase to the Ecumenical Temple.
  3134 | Temple   | Entered the Ecumenical Temple
  3156 | Temple   | Became a worshipper of Vehumet
  3203 | D:4      | Noticed Natasha
  3206 | D:4      | Killed Natasha
  3305 | D:4      | Noticed Natasha
  3309 | D:4      | Killed Natasha
  3461 | D:4      | Found a sand-covered staircase.
  3469 | Ossuary  | Entered an ossuary
  3620 | Ossuary  | Reached skill level 7 in Spellcasting
  3690 | Ossuary  | Reached * piety under Vehumet
  3690 | Ossuary  | Offered knowledge of Flame Tongue by Vehumet.
  3746 | Ossuary  | Learned a level 1 spell: Flame Tongue
  4027 | Ossuary  | Reached skill level 1 in Hexes
  4027 | Ossuary  | Reached skill level 1 in Fire Magic
  4027 | Ossuary  | Reached XP level 8. HP: 35/41 MP: 12/21
  4364 | D:5      | Entered Level 5 of the Dungeon
  4455 | D:5      | Noticed p0werm0de's ghost (amateur HuNe)
  4462 | D:5      | Killed p0werm0de's ghost
  4714 | D:5      | Reached skill level 8 in Spellcasting
  4885 | D:5      | Found a snail-covered altar of Cheibriados.
  5270 | D:5      | Offered knowledge of Sandblast by Vehumet.
  5401 | D:5      | Found a sacrificial altar of Ru.
  5401 | D:5      | Found a deep blue altar of Sif Muna.
  5482 | D:5      | Found a white marble altar of Elyvilon.
  5531 | D:5      | Learned a level 5 spell: Fireball
  5598 | D:6      | Reached ** piety under Vehumet
  5598 | D:6      | Reached XP level 9. HP: 45/45 MP: 23/23
  5676 | D:6      | Reached skill level 5 in Fire Magic
  5788 | D:6      | Found a burning altar of Makhleb.
  5788 | D:6      | Noticed a green death
  6086 | D:6      | Got a smelly ring mail
  6097 | D:6      | Identified the +3 ring mail "Fusuges" {rCorr} (You found it on level 6 of the Dungeon)
  6298 | D:6      | Reached skill level 9 in Spellcasting
  6298 | D:6      | Reached skill level 5 in Hexes
  6926 | D:7      | Offered knowledge of Throw Frost by Vehumet.
  6980 | D:7      | Noticed Menkaure
  6985 | D:7      | Killed Menkaure
  7020 | D:7      | Noticed Prince Ribbit
  7023 | D:7      | Killed Prince Ribbit
  7023 | D:7      | Reached skill level 1 in Evocations
  7239 | D:7      | Got a coiled copper ring
  7243 | D:7      | Reached *** piety under Vehumet
  7690 | D:8      | Found a staircase to the Lair.
  7698 | D:8      | Reached XP level 10. HP: 50/50 MP: 15/25
  8016 | D:8      | Found a hazy altar of Hepliaklqana.
  8017 | D:8      | Noticed a two-headed ogre
  8029 | D:8      | Killed a two-headed ogre
  8029 | D:8      | Offered knowledge of Olgreb's Toxic Radiance by Vehumet.
  8561 | D:9      | Found a staircase to the Orcish Mines.
  8567 | D:10     | Entered Level 10 of the Dungeon
  8704 | D:10     | Noticed a two-headed ogre
  8710 | D:10     | Killed a two-headed ogre
  8710 | D:10     | Reached skill level 10 in Spellcasting
  9035 | D:10     | Found a bloodstained altar of Trog.
  9078 | D:10     | Reached **** piety under Vehumet
  9086 | D:10     | Offered knowledge of Bolt of Magma by Vehumet.
  9204 | D:10     | Noticed Psyche
  9206 | D:10     | Killed Psyche
  9397 | D:9      | Reached XP level 11. HP: 38/54 MP: 27/27
  9501 | D:9      | Found Etsit's Assorted Antiques.
  9511 | D:9      | Identified the ring "Weenus" {rC+ Str+3} (You found it on level 7 of the Dungeon)
  9572 | D:9      | Noticed a two-headed ogre
  9578 | D:9      | Killed a two-headed ogre
  9689 | D:9      | Found Kazi's Food Shop.
  9735 | D:9      | Found Runymaqo's Book Shoppe.
  9764 | D:9      | Bought a book of Minor Magic for 280 gold pieces
  9771 | D:9      | Learned a level 5 spell: Bolt of Magma
  9774 | D:9      | Learned a level 2 spell: Blink
 10006 | D:10     | Noticed a large abomination
 10105 | Lair:1   | Entered Level 1 of the Lair of Beasts
 10300 | Lair:1   | Found a dark tunnel.
 10471 | Lair:1   | Reached skill level 5 in Evocations
 10871 | Lair:1   | Noticed an oklob plant
 10876 | Lair:1   | Killed an oklob plant
 10876 | Lair:1   | Reached skill level 10 in Dodging
 10969 | Lair:1   | Noticed Joseph
 10975 | Lair:1   | Killed Joseph
 10975 | Lair:1   | Reached skill level 10 in Conjurations
 10975 | Lair:1   | Reached skill level 10 in Fire Magic
 11100 | Lair:1   | Reached skill level 11 in Spellcasting
 11636 | Lair:1   | Mangled by a spiny frog

Skill      XL: |  1  2  3  4  5  6  7  8  9 10 11 |
---------------+----------------------------------+-----
Dodging        | 3 4 5 6 7 8 9 10 | 10.1
Spellcasting   | 4 5 6 7 8 9 10 11 | 11.1
Conjurations   | 5 6 7 8 9 10 | 10.1
Hexes          | 1 3 5 7 8 |  8.5
Fire Magic     | 1 4 7 8 10 | 10.2
Evocations     | 2 4 5 |  5.5
Stealth        | |  2.4

Action                   |  1- 3 |  4- 6 |  7- 9 | 10-12 || total
-------------------------+-------+-------+-------+-------++-------
Melee: Short sword       |     1 |       |       |       ||     1
       Hand axe          |       |       |     4 |       ||     4
       Flail             |       |       |   120 |     3 ||   123
 Cast: Magic Dart        |    63 |    34 |    97 |    50 ||   244
       Searing Ray       |     6 |     9 |    52 |    20 ||    87
       Iskenderun's Myst |       |     4 |    40 |    33 ||    77
       Flame Tongue      |       |       |     2 |       ||     2
       Fulminant Prism   |       |       |     1 |     3 ||     4
       Fireball          |       |       |    20 |    50 ||    70
       Bolt of Magma     |       |       |       |    41 ||    41
       Blink             |       |       |       |     5 ||     5
Evoke: Wand              |       |       |       |     1 ||     1
  Use: Scroll            |       |     6 |    10 |     3 ||    19
       Potion            |       |     3 |     7 |     5 ||    15
  Eat: Chunk             |     2 |     4 |    18 |    20 ||    44
       Ration            |       |       |     1 |     2 ||     3
Armor: Robe              |       |     2 |    13 |     5 ||    20
Dodge: Dodged            |    10 |    13 |    96 |    99 ||   218
Block: Buckler           |       |       |       |    35 ||    35
